Map: Apotheosis LE

Players

Loren - Winner!

  • Race: Terran Terran
  • League: Gold
  • Spawn Location: 11:00

Fropez

  • Race: Protoss Protoss
  • League: Gold
  • Spawn Location: 5:00

VOD

Have the link to the VOD?

Description

Time

  • Played on: Sept. 18, 2016, 10:41 p.m.
  • Length: 13:14
Show
View Real Time Build Order
Export as new Build Order

Loren Terran - Winner!

Build Orders: Reaper Expand, MMM Bio 

Get SALT Encoding   

  12  0:00  SCV  
  13  0:12  SCV  
  14  0:18  Supply Depot  
  14  0:24  SCV  
  15  0:39  SCV  
  15  0:40  Barracks  
  16  0:44  Refinery  
  16  0:54  SCV  
  17  1:06  SCV  
  18  1:18  SCV  
  19  1:27  Reaper  
  19  1:30  Orbital Command  
  20  1:45  Command Center  
  20  2:05  Supply Depot  
  20  2:10  Barracks Reactor  
  20  2:11  SCV, Refinery  
  21  2:23  SCV  
  22  2:32  Barracks  
  22  2:35  SCV  
  23  2:47  SCV  
  23  2:59  SCV  
  23  3:01  Factory  
  24  3:06  Marine x2, Engineering Bay  
  24  3:12  Orbital Command  
  26  3:17  SCV  
  27  3:21  Barracks Tech Lab  
  27  3:29  SCV, Supply Depot  
  28  3:34  Marine x2  
  30  3:41  SCV  
  30  3:42  Missile Turret x2  
  30  3:43  Marine  
  32  3:52  Marine x2  
  33  4:10  SCV x2  
  35  4:22  Stimpack, SCV  
  35  4:23  Factory Reactor, SCV  
  37  4:26  Starport  
  37  4:33  Bunker  
  37  4:35  SCV x2  
  39  4:42  Supply Depot  
  39  4:47  SCV x2  
  39  4:50  Terran Infantry Weapons Level 1  
  41  4:53  Marine x2  
  41  4:59  SCV x2  
  45  5:09  Barracks  
  45  5:11  SCV x2  
  45  5:12  Medivac x2  
  51  5:23  Marine x2, SCV  
  51  5:24  Marauder  
  58  5:30  SCV  
  58  5:35  SCV, Missile Turret  
  60  5:40  Factory Tech Lab  
  60  5:41  Marine  
  60  5:42  SCV, Medivac  
  62  5:50  Supply Depot  
  62  5:52  Supply Depot  
  62  5:53  Supply Depot  
  62  5:58  Barracks Reactor, Barracks  
  62  6:00  Barracks  
  62  6:05  Marine x3, SCV, Medivac  
  64  6:12  Medivac  
  64  6:15  Supply Depot  
  54  6:27  Marine x2  
  54  6:31  Marine  
  52  6:38  Marine x2  
  46  6:40  SCV x2  
  46  6:45  Marine x2, Terran Infantry Armor Level 1  
  46  6:49  Marine  
  46  6:52  SCV x2  
  48  6:56  Marine x2  
  49  7:03  Marine x2  
  49  7:04  SCV x2  
  49  7:06  Marine  
  53  7:14  Marine x2  
  55  7:16  SCV x2  
  57  7:23  Marine x2  
  57  7:24  Marine  
  60  7:32  Marine x2, SCV x2  
  60  7:35  Refinery  
  64  7:37  Combat Shields  
  64  7:38  Refinery  
  64  7:44  SCV  
  65  7:45  Armory  
  65  7:55  Barracks Reactor, Barracks Tech Lab  
  65  7:59  Marine x3  
  68  8:21  Marine x5  
  68  8:22  Marauder  
  75  8:34  Engineering Bay  
  74  8:36  Marine x2  
  74  8:38  Marine  
  74  8:39  Marine x2  
  74  8:40  Marauder  
  81  8:48  Marine x2  
  76  8:54  Marine x2  
  77  8:56  Marine x2  
  77  8:57  Marine  
  77  9:00  Marine  
  81  9:03  Terran Infantry Weapons Level 2  
  81  9:06  Marine x2  
  83  9:12  Marine  
  84  9:24  Missile Turret  
  84  9:26  SCV x2  
  84  9:27  Missile Turret  
  84  9:29  Missile Turret  
  86  9:38  SCV  
  87  9:40  SCV  
  88  9:50  SCV, Missile Turret  
  89  9:53  Missile Turret  
  89  9:54  Missile Turret  
  87  10:01  Supply Depot  
  87  10:04  Marine x2  
  87  10:05  Marine, Supply Depot  
  90  10:08  SCV x2  
  92  10:20  SCV  
  92  10:21  SCV, Command Center  
  94  10:23  Terran Infantry Armor Level 2  
  94  10:33  SCV x2  
  96  10:45  SCV x2  
  78  11:05  Marine x4  
  78  11:06  Marine x3  
  78  11:07  Marauder  
  87  11:15  SCV  
  87  11:16  SCV  
  89  11:19  Medivac x2  
  89  11:23  Marine x5  
  89  11:24  Marine, Marauder  
  101  11:27  SCV  
  101  11:28  Marauder  
  104  11:41  Marine  
  104  11:42  Marine x4  
  88  12:04  Marine  
  88  12:06  Marine x4  
  88  12:07  Marine x3  
  77  12:22  Marine  
  71  12:24  Marine x5  
  71  12:25  Marine  
  78  12:40  Orbital Command  
Show
View Real Time Build Order
Export as new Build Order

Fropez Protoss 

Build Orders: 1 Gate Expand 

Get SALT Encoding   

  12  0:03  Probe (Chrono Boost)  
  13  0:18  Probe (Chrono Boost)  
  13  0:19  Pylon  
  14  0:31  Probe (Chrono Boost)  
  15  0:37  Gateway  
  15  0:42  Probe (Chrono Boost)  
  16  0:47  Assimilator  
  16  0:52  Probe (Chrono Boost)  
  17  1:17  Nexus  
  18  1:31  Cybernetics Core  
  18  1:32  Probe (Chrono Boost)  
  18  1:42  Probe (Chrono Boost)  
  19  1:50  Assimilator  
  19  1:53  Probe (Chrono Boost)  
  20  2:08  Mothership Core (Chrono Boost)  
  22  2:12  Pylon  
  22  2:18  Pylon, Warp Gate (Chrono Boost)  
  22  2:28  Adept, Probe  
  22  2:29  Probe  
  26  2:48  Pylon  
  26  2:58  Gateway  
  26  3:00  Gateway  
  26  3:13  Probe x2  
  26  3:16  Pylon  
  28  3:26  Probe  
  29  3:29  Probe  
  29  3:32  Twilight Council  
  30  3:42  Gateway  
  30  3:45  Probe  
  30  3:47  Probe  
  30  4:17  Probe  
  30  4:24  Resonating Glaives (Chrono Boost)  
  31  4:30  Probe  
  31  4:31  Probe  
  32  4:34  Pylon, Robotics Facility  
  33  4:39  Adept x2, Assimilator  
  33  4:42  Probe  
  33  4:43  Adept  
  40  4:48  Adept  
  40  4:52  Probe  
  42  4:56  Probe  
  44  5:02  Probe  
  44  5:04  Forge  
  45  5:08  Adept, Probe  
  48  5:21  Adept x3  
  48  5:24  Probe  
  55  5:31  Pylon  
  55  5:33  Probe  
  56  5:40  Adept  
  56  5:42  Adept x2  
  60  5:43  Adept  
  60  5:49  Probe  
  64  5:50  Probe  
  64  5:52  Protoss Ground Weapons Level 1 (Chrono Boost)  
  64  6:32  Adept x2  
  64  6:33  Adept x2  
  64  6:35  Nexus  
  54  7:01  Adept x3  
  54  7:02  Adept  
  54  7:07  Pylon  
  60  7:09  Pylon  
  60  7:10  Probe  
  60  7:11  Probe  
  60  7:13  Assimilator  
  60  7:15  Assimilator  
  62  7:17  Protoss Ground Weapons Level 2 (Chrono Boost)  
  62  7:22  Gateway  
  62  7:23  Gateway  
  62  7:25  Gateway  
  62  7:26  Assimilator  
  62  7:27  Gateway  
  62  7:33  Blink (Chrono Boost)  
  62  7:40  Probe x2  
  64  7:52  Warp Prism  
  66  7:59  Adept x3  
  66  8:00  Adept  
  70  8:23  Adept x2  
  74  8:29  Adept x4  
  69  9:12  Pylon  
  69  9:13  Pylon  
  69  9:17  Stalker  
  69  9:19  Stalker  
  73  9:27  Pylon  
  73  9:30  Pylon  
  73  9:32  Probe  
  74  9:40  Stalker x4  
  74  9:42  Stalker  
  84  10:01  Protoss Ground Weapons Level 3  
  80  10:07  Adept x5  
  80  10:08  Adept x3  
  96  10:20  Probe  
  97  10:31  Stalker  
  97  10:32  Stalker x3  
  79  11:11  Adept x6  
  83  11:12  Adept x2  
  83  11:13  Pylon  
  85  12:06  Pylon x2  
  85  12:08  Pylon  
  83  12:09  Pylon  
  83  12:13  Pylon  
  83  12:14  Pylon  
  73  12:26  Mothership Core (Chrono Boost)  
  73  12:28  Adept x3  
Tags
 
Composition
MMM Bio
League
GoldGold
Matchup
PvT
Replay Pack
All Mines
Spawn Locations
Cross Positions
Add a new tag
Caveats
  • Supply blocks, unpowered buildings, or Contaminate may cause inaccurate times.
  • Supply counts are checked every 10 seconds.